[Event "*** SCC Grand Prix: Titled Tuesday Blitz"]
[Site "Chess.com"]
[Date "2020.07.21"]
[Round "3"]
[White "Orest_Vovk"]
[Black "SzMM19"]
[Result "1-0"]
[WhiteElo "2395"]
[BlackElo "2584"]
[TimeControl "180+1"]
[EndTime "10:28:11 PDT"]
[Termination "Orest_Vovk won by checkmate"]

1. h4 d5 2. h5 c5 3. Nc3 d4 4.
Ne4 e6 5. e3 Nc6 6. Nf3 Nf6 7.
Nxf6+ Qxf6 8. e4 h6 9. Bb5 e5 10. d3 Bg4 11. Bxc6+ bxc6 12. c4 Bd6 13. Qa4 Bxf3 14.
Qxc6+ Ke7 15. Qb7+ Ke6 16. Qd5+ Kd7 17. gxf3 Qxf3 18.
Rg1 Rab8 19. Rxg7 Rhf8 20. b3 Qxd3 21. Rxf7+ Rxf7 22. Qxf7+ Kc6 23. Qd5+ Kc7 24. Bd2 Rf8 25. Ba5+ Kd7 26. Rd1 Qf3 27. Rd2 Qh1+ 28. Ke2 Qxh5+ 29.
Kd3 Qf3+ 30. Kc2 h5 31. b4 Qc3+ 32. Kd1 d3 33. Rxd3 Qa1+ 34. Ke2 Qxa2+ 35. Rd2 Qb3 36.
Qxd6+ Kc8 37. Qxf8+ Kb7 38. Rd7+ Kc6 39. Qc8# 1-0

[Event "*** SCC Grand Prix: Titled Tuesday Blitz"]
[Site "Chess.com"]
[Date "2020.07.21"]
[Round "3"]
[White "PattyCastillo"]
[Black "Playgood28"]
[Result "0-1"]
[WhiteElo "1952"]
[BlackElo "2280"]
[TimeControl "180+1"]
[EndTime "10:28:11 PDT"]
[Termination "Playgood28 won on time"]

1. d4 f5 2. Nf3 g6 3. e3 Nf6 4. Bd3 Bg7 5. b3 d6 6. Bb2 O-O 7. O-O Nc6 8. a3 a5 9. Nbd2 Qe8 10. c4 e5 11. e4 f4 12. d5 Nb8 13. Ng5 h6 14.
Ne6 Bxe6 15. dxe6 Qxe6 16. b4 b6 17. c5 Kh7 18. Bc4 Qe7 19. Qc2 axb4 20. axb4 Nc6 21.
Qb3 dxc5 22. bxc5 Na5 23. Qc3 Nxc4 24. Qxc4 Nd7 25. cxb6 Nxb6 26. Qb3 Qf7 27. Qb5 Qe6 28. Rfc1 Rxa1 29. Bxa1 Rf7 30. Nf3 Re7 31. h3 g5 32.
Rc6 Qa2 33. Bc3 Qf7 34. Nxe5 Qe8 35. Ng6 Re6 36. Rxe6 Qxb5 37. Bxg7 Kxg7 38. Ne7 Qb1+ 39. Kh2 Kf7 40. Re5 Nd7 0-1

[Event "*** SCC Grand Prix: Titled Tuesday Blitz"]
[Site "Chess.com"]
[Date "2020.07.21"]
[Round "3"]
[White "Rud_Makarian"]
[Black "Antipov_Mikhail_Al"]
[Result "0-1"]
[WhiteElo "2608"]
[BlackElo "2847"]
[TimeControl "180+1"]
[EndTime "10:28:12 PDT"]
[Termination "Antipov_Mikhail_Al won by resignation"]

1. d4 Nf6 2. c4 c6 3. Nf3 d5 4. e3 Bf5 5. Nc3 e6 6. Nh4 Bg6 7. Qb3 Qc7 8. Nxg6 hxg6 9. g3 Nbd7 10. Bg2 O-O-O 11. O-O g5 12. e4 Nxe4 13. Nxe4 dxe4 14.
Bxg5 f6 15. Bf4 Bd6 16. Bxd6 Qxd6 17. Rad1 f5 18. f3 exf3 19. Qxf3 g6 20. Qf4 Qxf4 21. Rxf4 Nf6 22. Rff1 Ng4 23. Rfe1 e5 24. dxe5 Rxd1 25. Rxd1 Rxh2 26. Bf3 Rh3 27. Kg2 Rh2+ 28. Kg1 Rxb2 29. e6 Nf6 30. e7 Kc7 31. Rd8 Rxa2 32. Rf8 Kd6 33. Rxf6+ Kxe7 34. Rxg6 Rb2 35. Rg8 Kd6 36. Rf8 Ke5 37. Bh5 a5 38. Bg6 a4 39. Rxf5+ Kd4 40.
Rf8 a3 41. Ra8 a2 42. c5 Kxc5 43. g4 Rb1+ 44. Kg2 a1=Q 45. Rxa1 Rxa1 46. g5 Kd4 0-1

[Event "*** SCC Grand Prix: Titled Tuesday Blitz"]
[Site "Chess.com"]
[Date "2020.07.21"]
[Round "3"]
[White "blitzking1729"]
[Black "sergivila"]
[Result "0-1"]
[WhiteElo "2579"]
[BlackElo "2389"]
[TimeControl "180+1"]
[EndTime "10:28:12 PDT"]
[Termination "sergivila won on time"]

1. d4 Nf6 2. Bg5 Ne4 3. Bf4 d5 4. f3 Nf6 5. e4 c5 6. dxc5 Qa5+ 7. Qd2 Qxc5 8. Be3 Qc6 9. Nc3 a6 10. exd5 Qd7 11. O-O-O g6 12. h4 h5 13. Nge2 Bg7 14.
Nf4 b5 15. d6 e6 16. Ne4 Nxe4 17. fxe4 Bb7 18. Bd3 Nc6 19. Bc5 Rc8 20. Be2 Ne5 21. Bb4 Bxe4 22. Bc3 b4 23. Bxe5 Bxe5 24. Nd3 Qxd6 25. Qe3 Bxd3 26. Rxd3 Qc7 27. Rd2 Bf4 28.
Qb3 O-O 29. g3 Bh6 30. Rd1 Rfd8 31. Bxa6 Rxd2 32. Rxd2 Rd8 33. Bd3 Qxg3 34. Kd1 Qg1+ 35. Ke2 Qg2+ 36. Ke1 Qxd2+ 37. Kf1 Be3 38. Be2 Qd4 0-1

[Event "*** SCC Grand Prix: Titled Tuesday Blitz"]
[Site "Chess.com"]
[Date "2020.07.21"]
[Round "3"]
[White "eljanov"]
[Black "CaspiIsrael"]
[Result "0-1"]
[WhiteElo "2857"]
[BlackElo "2634"]
[TimeControl "180+1"]
[EndTime "10:28:13 PDT"]
[Termination "CaspiIsrael won by resignation"]

1. e4 d5 2. exd5 Qxd5 3. Nc3 Qd6 4. d4 Nf6 5. Nf3 a6 6. g3 Bg4 7. Bg2 Nc6 8. Bf4 Qb4 9. O-O O-O-O 10. a3 Qxb2 11.
Na4 Bxf3 12. Qxf3 Qxd4 13. c4 Qxc4 14. Nb2 Qd5 15. Qc3 Qa5 16. Qb3 Nd5 17. Rab1 e6 18. Nc4 Qb5 19. Qc2 Qc5 20. Rfc1 b5 21. Qb2 bxc4 22.
Bxd5 Qxd5 23. Qb7+ Kd7 24. Rd1 Bd6 25. Rxd5 exd5 26.
Bxd6 Kxd6 27. Qb2 Rb8 28. Qc1 Rxb1 29. Qxb1 d4 30. Qe4 c3 31. Kf1 Rd8 32. Ke2 Kc5 33.
Kd3 f6 34. f4 Rd6 35. Qxh7 g5 36. Qf5+ Kb6 37. fxg5 Ne5+ 38. Kc2 d3+ 39. Kxc3 d2 40.
Qf2+ Kb7 41. Qxd2 Rxd2 42. Kxd2 fxg5 0-1

[Event "*** SCC Grand Prix: Titled Tuesday Blitz"]
[Site "Chess.com"]
[Date "2020.07.21"]
[Round "3"]
[White "pooh2012"]
[Black "krzyzan94"]
[Result "1-0"]
[WhiteElo "2422"]
[BlackElo "2636"]
[TimeControl "180+1"]
[EndTime "10:28:14 PDT"]
[Termination "pooh2012 won by checkmate"]

1. d4 Nf6 2. Nc3 d5 3. Bf4 e6 4.
e3 Bd6 5. Bg3 O-O 6. Nge2 c5 7.
Qd2 Nc6 8. Nf4 cxd4 9. exd4 a6 10. a4 Qc7 11. Be2 Rd8 12. O-O Ne4 13. Nxe4 dxe4 14. c3 f5 15. Rad1 g5 16. Nxe6 Bxe6 17. Qxg5+ Qg7 18. Qxg7+ Kxg7 19. d5 Bxg3 20. dxc6 Be5 21.
cxb7 Rab8 22. Rxd8 Rxd8 23. Bxa6 f4 24. Bb5 Rb8 25. Bc6 e3 26. fxe3 fxe3 27. Re1 Bf4 28. g3 Bh6 29. Kg2 Bc4 30. a5 e2 31. b4 Rf8 32. b5 Be3 33. a6 Rf2+ 34. Kh3 Be6+ 35. g4 Rf3+ 36. Bxf3 Ba7 37. b6 Bd7 38. bxa7 Bf5 39.
a8=Q Bxg4+ 40. Kg3 h5 41. Bxg4 hxg4 42. Kxg4 Kg6 43.
Rxe2 Kf6 44. Qf8+ Kg6 45. Re6+ Kh7 46. Rh6# 1-0

[Event "*** SCC Grand Prix: Titled Tuesday Blitz"]
[Site "Chess.com"]
[Date "2020.07.21"]
[Round "3"]
[White "ikhasu"]
[Black "nocnypako"]
[Result "1-0"]
[WhiteElo "2387"]
[BlackElo "2579"]
[TimeControl "180+1"]
[EndTime "10:28:14 PDT"]
[Termination "ikhasu won by checkmate"]

1. e4 e6 2. d4 d5 3. e5 c5 4. c3 Qb6 5. Nf3 Nc6 6. Bd3 cxd4 7. cxd4 Nh6 8. Nc3 Nf5 9. Bxf5 exf5 10. Nxd5 Qa5+ 11. Nc3 Bb4 12. Bd2 O-O 13. O-O Be6 14. a3 Bxc3 15. Bxc3 Qd5 16. Qe2 h6 17. Rfd1 g5 18.
Ne1 f4 19. Qf3 Rfd8 20. Qxd5 Rxd5 21. b4 Rad8 22. Rac1 Nxe5 23. b5 Ng6 24. a4 Ne7 25. Nc2 Nf5 26. Nb4 R5d7 27. d5 Bxd5 28. Bf6 Bb3 29. Re1 Ra8 30. Rc5 Nd4 31. h4 Ne6 32. Rc3 Bxa4 33. hxg5 hxg5 34. Rh3 Ng7 35. Nd3 g4 36. Rh4 Rxd3 37. Rxg4 Kf8 38. Bxg7+ Kg8 39. Bf6+ Kh7 40. Re5 Rd1+ 41. Kh2 Kh6 42. Bg7+ Kh7 43. Rh5+ Kg8 44. Rh8# 1-0

[Event "*** SCC Grand Prix: Titled Tuesday Blitz"]
[Site "Chess.com"]
[Date "2020.07.21"]
[Round "3"]
[White "FontVella8"]
[Black "XiaoKangZhong"]
[Result "1-0"]
[WhiteElo "2580"]
[BlackElo "2352"]
[TimeControl "180+1"]
[EndTime "10:28:14 PDT"]
[Termination "FontVella8 won on time"]

1. b3 Nf6 2. Bb2 g6 3. Nf3 Bg7 4. g3 O-O 5. Bg2 d5 6. O-O c5 7. d3 Nc6 8. Nbd2 d4 9. a4 Nd5 10. Nc4 e5 11. e4 dxe3 12. fxe3 Qe7 13. e4 Nc7 14. Qd2 f6 15. Qf2 b6 16. Ba3 Be6 17.
a5 Bxc4 18. bxc4 Nxa5 19. Bxc5 bxc5 20. Rxa5 Ne6 21. Rfa1 Rfb8 22. Bh3 Nd4 23. Ne1 Rb2 24. Ra6 Qb7 25. Bg4 Rb1 26. c3 Nc2 27. Qxc2 Rxe1+ 28. Rxe1 Qxa6 29. h4 Rb8 30. h5 Qb6 31. Qf2 Bf8 32.
hxg6 hxg6 33. Rf1 Be7 34. Ra1 Kg7 35. Qa2 Rb7 36. Qa4 Kf8 37. Bc8 Rc7 38. Bd7 Qd6 39.
Bb5 1-0

[Event "*** SCC Grand Prix: Titled Tuesday Blitz"]
[Site "Chess.com"]
[Date "2020.07.21"]
[Round "3"]
[White "FMOlexandrProhorov"]
[Black "petincash"]
[Result "0-1"]
[WhiteElo "2131"]
[BlackElo "2354"]
[TimeControl "180+1"]
[EndTime "10:28:14 PDT"]
[Termination "petincash won by resignation"]

1. e4 c5 2. c3 d5 3. exd5 Qxd5 4. d4 Nc6 5. Nf3 cxd4 6. cxd4 e5 7. Nc3 Bb4 8. Bd2 Bxc3 9. Bxc3 e4 10. Ne5 Nxe5 11.
dxe5 Ne7 12. Be2 O-O 13. O-O Be6 14. Bb4 Rfe8 15. Qxd5 Nxd5 16. Bd6 a6 17. Rac1 Nf4 18.
Bc4 Rac8 19. Bxe6 Ne2+ 20. Kh1 Rxc1 21. Rxc1 Nxc1 22. Bd5 Nd3 23. Bxb7 Nxe5 24. f4 Nc4 25. Bb4 e3 26. Kg1 e2 27. Be1 Nxb2 28. Bxa6 Re6 29. Bb5 Re3 30. a4 Nd3 31. Bxd3 Rxd3 32. Kf2 Ra3 33. Kxe2 Rxa4 34. Kf3 f5 35. g4 Ra3+ 36. Kg2 fxg4 37. Bg3 Kf7 38. Kf2 Rb3 39. Ke2 Ke6 40. Kf2 Kf5 41. Kg2 Rf3 42. Kg1 Rxf4 43.
Bxf4 Kxf4 44. Kg2 g5 45. Kf2 h5 46. Kg2 h4 47. Kf2 h3 48. Kg1 g3 49. Kh1 gxh2 50. Kxh2 g4 51. Kh1 g3 0-1

[Event "*** SCC Grand Prix: Titled Tuesday Blitz"]
[Site "Chess.com"]
[Date "2020.07.21"]
[Round "3"]
[White "WPWPWP-2015"]
[Black "Volodar_Murzin"]
[Result "0-1"]
[WhiteElo "2424"]
[BlackElo "2712"]
[TimeControl "180+1"]
[EndTime "10:28:16 PDT"]
[Termination "Volodar_Murzin won on time"]

1. e4 c6 2. d4 d5 3. e5 Bf5 4. Be3 e6 5. Nd2 Ne7 6. h3 h5 7. Be2 Bg6 8. c3 Nf5 9. Bf4 Nd7 10. Ngf3 f6 11. O-O Be7 12. Re1 O-O 13. Nf1 h4 14.
N1h2 fxe5 15. Nxe5 Nxe5 16. Bxe5 Nd6 17. Bh5 Bf5 18.
b3 Ne4 19. Qf3 Bd6 20. Bg4 Bxe5 21. dxe5 Qg5 22. Qe3 Qxe3 23. Rxe3 Nxf2 24. Bxf5 Rxf5 25. Nf3 Ne4 26. Nxh4 Rxe5 27. g4 Rg5 28. Rf1 Rf8 29. Ref3 Rxf3 30. Rxf3 Nd6 31. Re3 Ne4 32. Rf3 a5 33.
Kg2 b5 34. Kg1 b4 35. cxb4 axb4 36. Kg2 c5 37. Kg1 c4 38. bxc4 dxc4 39. Rf4 Nd6 40. Nf3 Rd5 41. g5 c3 0-1

[Event "*** SCC Grand Prix: Titled Tuesday Blitz"]
[Site "Chess.com"]
[Date "2020.07.21"]
[Round "3"]
[White "imdvb6307"]
[Black "Rodalquilar"]
[Result "0-1"]
[WhiteElo "2401"]
[BlackElo "2635"]
[TimeControl "180+1"]
[EndTime "10:28:16 PDT"]
[Termination "Rodalquilar won on time"]

1. e4 Nf6 2. Nc3 d5 3. e5 Ne4 4. Qf3 Nxc3 5. dxc3 c5 6. Bb5+ Nc6 7. c4 Be6 8. Ne2 a6 9. Bxc6+ bxc6 10. Nf4 g6 11. Nxe6 fxe6 12. h4 Bg7 13. h5 Kd7 14. Bf4 Rf8 15.
Qg3 Qa5+ 16. c3 Rab8 17. cxd5 cxd5 18. b3 Rxf4 19. Qxf4 Qxc3+ 20. Ke2 Bxe5 21. Qa4+ Kd8 22. Rad1 Rb4 23. Qa5+ Kd7 24. Kf1 Qc2 25. Re1 Rf4 26.
Re2 Qd3 27. Qd2 Qb5 28. Ke1 Rd4 29. Qc2 Bf6 30. g3 Rd3 31. Kf1 d4 32. Kg2 Qc6+ 33.
Kg1 Qf3 34. hxg6 hxg6 35. Rh7 Rc3 36. Qd2 Qf5 37. Kg2 Qd5+ 38. Kh2 Qf5 39. f4 g5 0-1

[Event "*** SCC Grand Prix: Titled Tuesday Blitz"]
[Site "Chess.com"]
[Date "2020.07.21"]
[Round "3"]
[White "JuliaEfremova"]
[Black "Azatic"]
[Result "1-0"]
[WhiteElo "2337"]
[BlackElo "2541"]
[TimeControl "180+1"]
[EndTime "10:28:16 PDT"]
[Termination "JuliaEfremova won by resignation"]

1. e4 c5 2. d4 cxd4 3. c3 dxc3 4. Nxc3 Nc6 5. Nf3 e6 6. Bc4 Be7 7. O-O d6 8. Qe2 Nf6 9. Rd1 e5 10. Bg5 O-O 11. Bxf6 Bxf6 12. Nd5 Bg4 13. Qd3 Rc8 14. Rac1 Bxf3 15. Qxf3 Bg5 16. Rc3 Nd4 17. Qd3 Kh8 18. Ne3 g6 19. Nc2 Nxc2 20. Rxc2 Qa5 21. a3 Kg7 22. b4 Qb6 23. g3 Rfd8 24. h4 Bf6 25. Qb3 h5 26. Rcd2 Rc7 27. a4 Qc6 28. Bd5 Qd7 29. b5 Rdc8 30. Qf3 Qg4 31. Qxg4 hxg4 32. Kf1 Be7 33. Ke2 a6 34. b6 Rc3 35. Bxb7 Rb8 36. Bxa6 Rxb6 37. Bb5 Rb8 38. Rd3 Rc2+ 39. R1d2 Rc1 40. Rd1 Rbc8 41. Rxc1 Rxc1 42. a5 Ra1 43. a6 Ra5 44. Bc4 Kf8 45. Rb3 Bd8 46.
Rb8 Ke7 47. Rb7+ Ke8 48. Bxf7+ Kf8 49. a7 Kg7 50. Bd5+ Kh6 51. Rd7 Ra2+ 52. Bxa2 1-0

[Event "*** SCC Grand Prix: Titled Tuesday Blitz"]
[Site "Chess.com"]
[Date "2020.07.21"]
[Round "3"]
[White "Maksat-94"]
[Black "Iskusnyh"]
[Result "0-1"]
[WhiteElo "2447"]
[BlackElo "2487"]
[TimeControl "180+1"]
[EndTime "10:28:16 PDT"]
[Termination "Iskusnyh won on time"]

1. Nf3 d5 2. g3 Nf6 3. c4 c6 4. Bg2 Bf5 5. O-O e6 6. d3 h6 7. Nc3 Be7 8. cxd5 exd5 9. Qc2 O-O 10. e4 dxe4 11. dxe4 Bh7 12. Bf4 Na6 13. Rad1 Qa5 14. Nd4 Rfe8 15. f3 Rad8 16. Kh1 Bf8 17. Qf2 Nc5 18. a3 Qa6 19. Be3 Na4 20. Nxa4 Qxa4 21.
Qe2 c5 22. Nb5 Qa6 23. Nc3 Qxe2 24. Nxe2 b6 25. Nc3 g5 26. h3 Nh5 27. Kh2 Bd6 28.
f4 Bc7 29. e5 Ng7 30. Bc6 Rf8 31. Nd5 Bb8 32. Nf6+ Kh8 33. Nxh7 Kxh7 34. Be4+ Kg8 35.
Kg2 Ne6 36. Bd5 Rfe8 37. Bc4 Nd4 0-1

[Event "*** SCC Grand Prix: Titled Tuesday Blitz"]
[Site "Chess.com"]
[Date "2020.07.21"]
[Round "3"]
[White "aliba25"]
[Black "Zmof"]
[Result "1-0"]
[WhiteElo "2636"]
[BlackElo "2173"]
[TimeControl "180+1"]
[EndTime "10:28:17 PDT"]
[Termination "aliba25 won on time"]

1. d4 Nf6 2. c4 e6 3. Nf3 b6 4. g3 Ba6 5. b3 Bb4+ 6. Bd2 Be7 7. Bg2 c6 8. O-O d5 9. Ne5 Nfd7 10.
Bf4 O-O 11. cxd5 cxd5 12. Nxd7 Qxd7 13. Nc3 Nc6 14. Re1 Rac8 15. Rc1 Ba3 16. Rb1 Bb4 17. Rc1 Ba3 18. Rb1 Bb4 19. Bd2 Nxd4 20. Nxd5 Bxd2 21. Qxd2 exd5 22. Qxd4 Rfd8 23. e3 Rc2 24. a4 Bb7 25. Rec1 Qc7 26. Rxc2 Qxc2 27. Qb2 Rc8 28. Qxc2 Rxc2 29. Rd1 Kf8 30. Bxd5 Bxd5 31. Rxd5 Rc3 32. Rd7 a5 33. Rb7 Rxb3 34. Kg2 Rb4 35. f4 Rxa4 36. Rxb6 Rb4 37. Ra6 a4 38. Kf3 f5 39. Ra7 h6 40. h3 Kg8 41. g4 g6 42. gxf5 gxf5 43. Ra5 Kg7 44. Rxf5 a3 45. Ra5 Rb3 46. Ra6 Kh7 47.
h4 Kg7 48. f5 Kh7 49. Kf4 Kg7 50. e4 h5 51. Ra7+ Kg8 52. e5 Rb4+ 53. Kg5 1-0

[Event "*** SCC Grand Prix: Titled Tuesday Blitz"]
[Site "Chess.com"]
[Date "2020.07.21"]
[Round "3"]
[White "Spartakus1975"]
[Black "Mikasinski"]
[Result "1-0"]
[WhiteElo "2654"]
[BlackElo "2409"]
[TimeControl "180+1"]
[EndTime "10:28:17 PDT"]
[Termination "Spartakus1975 won on time"]

1. e4 c5 2. c3 Nf6 3. e5 Nd5 4. Nf3 e6 5. d4 cxd4 6. cxd4 d6 7. Bc4 Nc6 8. O-O Qc7 9. Qe2 dxe5 10. dxe5 Be7 11. Bd3 O-O 12. Qe4 f5 13. exf6 Nxf6 14. Qe2 g6 15. Nc3 a6 16. Bh6 Rd8 17. g3 e5 18. Bc4+ Kh8 19. Ng5 Rd4 20. Nf7+ Kg8 21. Nxe5+ Kh8 22. Nf7+ Kg8 23. Rad1 Ng4 24. Ne5+ Kh8 25.
Nxc6 Rxd1 26. Rxd1 bxc6 27. Bf4 Qa7 28. Be5+ Bf6 29.
Rd8+ Kg7 30. Rg8+ Kh6 31. Qd2+ Bg5 32. Bf4 Qe7 33. h4 Bxf4 34. Qxf4+ Kh5 35. Ne4 Bf5 36. f3 Ne5 37. g4+ Bxg4 38. fxg4+ Nxg4 39. Re8 Qf7 40. Qxf7 1-0

[Event "*** SCC Grand Prix: Titled Tuesday Blitz"]
[Site "Chess.com"]
[Date "2020.07.21"]
[Round "3"]
[White "queen_iryna"]
[Black "jamalm2"]
[Result "1-0"]
[WhiteElo "2270"]
[BlackElo "1859"]
[TimeControl "180+1"]
[EndTime "10:28:17 PDT"]
[Termination "queen_iryna won on time"]

1. d4 f5 2. Nc3 g6 3. e4 fxe4 4.
Nxe4 Bg7 5. Nf3 Nf6 6. Nxf6+ exf6 7. Bd3 O-O 8. h4 Re8+ 9. Kf1 d6 10. h5 g5 11. h6 Bh8 12. Be3 Bg4 13. Bxh7+ Kxh7 14. Nxg5+ fxg5 15. Qxg4 Bf6 16. Qf5+ Kh8 17. Qg6 Rg8 18. Qf7 Qe7 19. Qd5 c6 20. Qf5 Nd7 21. Re1 Qh7 22. Qg4 Qxc2 23. Qxd7 Qd3+ 24. Kg1 Rae8 25. h7 Rgf8 26.
Rh3 Bxd4 27. Bxd4+ Qxd4 28. Rxe8 Qxf2+ 29. Kh1 Qf1+ 30. Kh2 Qf4+ 31. Rg3 Qh4+ 32. Kg1 Qd4+ 33. Kh2 Qh4+ 34. Qh3 Qxh3+ 35. Kxh3 Rxe8 36. Rxg5 Kxh7 37. Ra5 a6 38. g4 Re3+ 39. Kh4 Re2 40. b3 d5 41. Ra4 Re4 42.
Ra3 1-0

[Event "*** SCC Grand Prix: Titled Tuesday Blitz"]
[Site "Chess.com"]
[Date "2020.07.21"]
[Round "3"]
[White "Grandelicious"]
[Black "FMJoseHerrera"]
[Result "1-0"]
[WhiteElo "2783"]
[BlackElo "2502"]
[TimeControl "180+1"]
[EndTime "10:28:18 PDT"]
[Termination "Grandelicious won by checkmate"]

1. Nf3 Nf6 2. g3 g6 3. b3 Bg7 4. Bb2 d6 5. d4 Nc6 6. d5 Nb8 7. Bg2 h5 8. c4 c6 9. dxc6 Nxc6 10. Nbd2 Bf5 11. Nf1 Qa5+ 12. Qd2 Nb4 13. Ne3 Ne4 14. Bxg7 Nxd2 15. Nxd2 Rg8 16. Bb2 Nc2+ 17. Nxc2 Bxc2 18.
Bxb7 Rb8 19. Bc6+ Kf8 20. Rc1 Bf5 21. Bc3 Qb6 22. Bg2 h4 23. O-O hxg3 24. hxg3 f6 25. Nf3 Rh8 26. Bd4 Qa6 27. Rfe1 Qc8 28. c5 d5 29. c6 Bh3 30. Bh1 e5 31. Bxa7 Ra8 32. Bc5+ Kf7 33. b4 Rxa2 34. b5 Ra5 35. Ra1 Rxb5 36. Ra7+ Kg8 37. Be7 Qxc6 38. Rea1 Rb7 39.
Rxb7 Qxb7 40. Bxf6 Rh5 41. Bxe5 Rxe5 42. Nxe5 Qb2 43.
Bxd5+ Kg7 44. Ra7+ Kf6 45. Nf3 Bf5 46. Rf7# 1-0

[Event "*** SCC Grand Prix: Titled Tuesday Blitz"]
[Site "Chess.com"]
[Date "2020.07.21"]
[Round "3"]
[White "ChessicallyInclined"]
[Black "andy_rekt"]
[Result "1-0"]
[WhiteElo "2502"]
[BlackElo "2225"]
[TimeControl "180+1"]
[EndTime "10:28:18 PDT"]
[Termination "ChessicallyInclined won by resignation"]

1. d4 e6 2. c4 Nf6 3. Nc3 Bb4 4.
e3 O-O 5. Ne2 d5 6. a3 Bd6 7.
Ng3 c6 8. Bd2 Nbd7 9. Qc2 Qe7 10. Be2 dxc4 11. Bxc4 e5 12. Nf5 Qd8 13. Nxd6 exd4 14. exd4 Nb6 15. Bf4 Nxc4 16. Nxc4 Qxd4 17. Ne2 Qd5 18. O-O Bf5 19. Qc3 Ne4 20. Qd4 Qe6 21.
Ne3 Rad8 22. Qe5 Qxe5 23. Bxe5 Bg6 24. Nf4 Nd2 25. Nxg6 Nxf1 26. Ne7+ Kh8 27. Kxf1 f6 28. Bf4 g6 29. Re1 Rd7 30. Ng4 Rf7 31. Nc8 h5 32. Nxf6 Rd8 33. Ne7 Rxf6 34. Be5 Kg7 35. Re3 Rd7 36. Bxf6+ Kxf6 37. Nc8 b6 38. Re8 Kf7 39. Re4 Rd8 40. Nxa7 c5 41. Nc6 Rd2 42. Ne5+ Kf6 43. Nc4 Rc2 44. Nxb6 Rxb2 45. Nc4 Rc2 46.
h4 Rc3 47. f3 Rc2 48. Kg1 g5 49. hxg5+ Kxg5 50. Re5+ Kg6 51. Rxc5 1-0

[Event "*** SCC Grand Prix: Titled Tuesday Blitz"]
[Site "Chess.com"]
[Date "2020.07.21"]
[Round "3"]
[White "nobodyperfect13"]
[Black "ural58"]
[Result "0-1"]
[WhiteElo "2289"]
[BlackElo "2534"]
[TimeControl "180+1"]
[EndTime "10:28:20 PDT"]
[Termination "ural58 won by resignation"]

1. c4 e5 2. g3 Nc6 3. Bg2 d6 4. Nc3 Be6 5. b3 Qd7 6. Bb2 h5 7. h3 g6 8. e3 Bg7 9. Nge2 Nge7 10. d4 exd4 11. Nxd4 Nxd4 12. exd4 d5 13. cxd5 Nxd5 14. Nxd5 Bxd5 15. Qe2+ Kf8 16. O-O Re8 17. Qd2 Bxg2 18. Kxg2 Kg8 19. Rad1 Kh7 20. d5 Bxb2 21. Qxb2 Re4 22.
Rd4 Rhe8 23. Rxe4 Rxe4 24. Rd1 Qd6 25. Qc2 Re5 26. Kg1 h4 27. g4 Re7 28. Qc4 Qe5 29.
Kg2 Rd7 30. Qd4 Qxd4 31. Rxd4 Kg7 32. Kf3 Kf6 33. Ke3 Ke5 34. f4+ Kd6 35. Kd3 f5 36.
gxf5 gxf5 37. Kc4 Re7 38. Kd3 Rg7 39. Rb4 b6 40. Rc4 Kxd5 41. Rd4+ Ke6 42. Rd8 Rd7+ 43.
Rxd7 Kxd7 44. Kd4 Kd6 45. b4 c5+ 46. bxc5+ bxc5+ 47. Kc4 Kc6 48. a3 a6 49. a4 a5 50.
Kc3 Kd5 51. Kd3 c4+ 52. Kc3 Kc5 53. Kc2 Kd4 54. Kd2 Ke4 55. Kc3 Kxf4 56. Kxc4 Kg3 57. Kb5 f4 58. Kxa5 f3 59. Kb6 f2 60. a5 f1=Q 61.
a6 Qxh3 62. a7 Qg2 0-1

[Event "*** SCC Grand Prix: Titled Tuesday Blitz"]
[Site "Chess.com"]
[Date "2020.07.21"]
[Round "3"]
[White "vladislavkovalev"]
[Black "olksuna"]
[Result "1-0"]
[WhiteElo "2894"]
[BlackElo "2625"]
[TimeControl "180+1"]
[EndTime "10:28:21 PDT"]
[Termination "vladislavkovalev won on time"]

1. e4 d6 2. d4 Nf6 3. Nc3 c6 4. Be3 Nbd7 5. f3 e5 6. Qd2 Be7 7. O-O-O O-O 8. g4 b5 9. h4 b4 10.
Nce2 d5 11. g5 Nh5 12. exd5 cxd5 13. dxe5 Nxe5 14. Qxd5 Qc7 15. Nd4 Bb7 16. Nb5 Qb8 17. Qb3 Nxf3 18. Be2 Ng3 19. Bxf3 Nxh1 20. Nd4 Ng3 21.
Nc6 Qc7 22. Nxe7+ Qxe7 23. g6 Bxf3 24. gxh7+ Kh8 25. Nxf3 Rad8 26. Re1 Qd6 27. Kb1 Qd1+ 28. Bc1 Ne2 29. Qe3 Nxc1 30. Rxd1 Rxd1 31. c3 bxc3 32. bxc3 Rh1 33. Kc2 f6 34. Qxa7 Ne2 35. a4 Rc8 36. Qb7 Re8 37. Ng5 Ra1 38. Qf7 Rc8 39. Kd2 Nf4 40. Qd7 1-0

[Event "*** SCC Grand Prix: Titled Tuesday Blitz"]
[Site "Chess.com"]
[Date "2020.07.21"]
[Round "3"]
[White "bmt011"]
[Black "ferdipy"]
[Result "1-0"]
[WhiteElo "2138"]
[BlackElo "2333"]
[TimeControl "180+1"]
[EndTime "10:28:22 PDT"]
[Termination "bmt011 won on time"]

1. d4 Nf6 2. Bf4 e6 3. e3 c5 4. c3 b6 5. Nd2 Be7 6. h3 O-O 7. Bd3 Bb7 8. Ngf3 cxd4 9. exd4 d6 10. Qe2 Nbd7 11. O-O Rc8 12. a4 Qc7 13. a5 Bc6 14.
Ba6 Rb8 15. axb6 axb6 16. Bb5 Bxb5 17. Qxb5 Nd5 18. Bh2 Rfc8 19. Ra6 Qc6 20. Qxc6 Rxc6 21. Ra7 Rc7 22. Rfa1 Rbc8 23. Ne4 e5 24. dxe5 dxe5 25.
Nxe5 Nxe5 26. Bxe5 Rxa7 27. Rxa7 f6 28. Bd6 Bxd6 29.
Nxd6 Rd8 30. Ne4 Nf4 31. Rb7 Rd1+ 32. Kh2 Re1 33. Nd6 h5 34. g3 Nd3 35. Rxb6 Nxf2 36. c4 Re2 37. Kg1 Nxh3+ 38. Kf1 Rc2 39. b4 g5 40. c5 Kf8 41. c6 Ke7 42. Nb5 Nf2 43.
Rb7+ Kd8 44. Nd4 Rd2 45. Ne6+ Kc8 46. Rh7 Ne4 47. Rh8+ 1-0

[Event "*** SCC Grand Prix: Titled Tuesday Blitz"]
[Site "Chess.com"]
[Date "2020.07.21"]
[Round "3"]
[White "ENajer77"]
[Black "Micki-taryan"]
[Result "0-1"]
[WhiteElo "2690"]
[BlackElo "3042"]
[TimeControl "180+1"]
[EndTime "10:28:23 PDT"]
[Termination "Micki-taryan won on time"]

1. d4 e6 2. e4 d5 3. Nc3 dxe4 4. Nxe4 Nd7 5. Nf3 Be7 6. Bd3 Ngf6 7. O-O c5 8. Qe2 cxd4 9. Rd1 O-O 10. Nxd4 a6 11. c3 Qc7 12. Bg5 Re8 13. Bh4 h6 14.
Bg3 Qb6 15. a4 Nxe4 16. Bxe4 Nf6 17. a5 Qa7 18. Bf3 Bd7 19. Be5 Rac8 20. h3 Nd5 21. Be4 Bf6 22. Bxf6 Nxf6 23. Bf3 e5 24. Nc2 e4 25.
Bg4 Bxg4 26. hxg4 Qc5 27. Ne3 g6 28. Rd4 Kg7 29. Rc4 Qb5 30. Raa4 Rxc4 31. Qxc4 Qxb2 32.
Qd4 Qb1+ 33. Kh2 Qd3 34. Rb4 Qxd4 35. cxd4 Re7 36. Kg3 Rd7 37. Kf4 Rd5 38. Rxb7 Rxa5 39. Ra7 Ra2 40. Kg3 h5 41. g5 Nh7 42. Kf4 Rxf2+ 43.
Kxe4 Nxg5+ 44. Kd3 Ne6 45. d5 Nf4+ 46. Ke4 Nxg2 47.
Nxg2 Rxg2 48. Rxa6 Rd2 49. d6 h4 0-1

[Event "*** SCC Grand Prix: Titled Tuesday Blitz"]
[Site "Chess.com"]
[Date "2020.07.21"]
[Round "3"]
[White "Crazy_girl99"]
[Black "VovenRogel"]
[Result "0-1"]
[WhiteElo "2483"]
[BlackElo "2741"]
[TimeControl "180+1"]
[EndTime "10:28:23 PDT"]
[Termination "VovenRogel won on time"]

1. e4 e5 2. Nf3 Nc6 3. Bb5 Nf6 4. d3 Bc5 5. O-O d6 6. c3 O-O 7. h3 h6 8. Nbd2 a6 9. Ba4 Ba7 10. Re1 Ne7 11. Nf1 Ng6 12. Ng3 c6 13. d4 Re8 14.
Bc2 Be6 15. Be3 Qd7 16. Kh2 Qc7 17. Qd2 Rad8 18. Rad1 d5 19. Nxe5 Nxe5 20. dxe5 Nxe4 21. Qe2 Bxe3 22. Qxe3 Qxe5 23. f4 Qf6 24. Bxe4 dxe4 25. Nxe4 Qg6 26. Rxd8 Rxd8 27. Nc5 Bd5 28. Qg3 Qxg3+ 29.
Kxg3 Bxa2 30. Nxb7 Rd2 31. Nc5 Bd5 32. Ne4 Rxb2 33.
f5 Rc2 34. Kf3 Rxc3+ 35. Kf2 Rc2+ 36. Kg1 a5 37. f6 Bxe4 38. Rxe4 gxf6 39. Ra4 Rc5 40. Kf2 Kf8 41. Ke3 Ke7 42. g4 Re5+ 43. Kf4 h5 44. Kg3 Kf8 45. Rc4 hxg4 46. hxg4 Kg7 47.
Rxc6 Re3+ 48. Kf4 Ra3 49. Ra6 Kg6 50. Ke4 Ra4+ 51. Kf3 Kg5 52. Ra7 Ra3+ 53. Kf2 Kxg4 54. Rxf7 f5 55. Rg7+ Kf4 56. Rh7 Ra2+ 57. Ke1 a4 58.
Rh4+ Kg3 59. Rb4 f4 0-1